 Dungeon Crawl Stone Soup version 0.26.1-11-gd32895ea62 (webtiles) character file.

Game seed: 1995215222401250095

108 Zeld the Digger (level 4, -1/24 HPs)
             Began as a Gargoyle Earth Elementalist on June 9, 2021.
             Slain by a white imp (5 damage)
             ... on level 3 of the Dungeon.
             The game lasted 00:02:56 (3777 turns).

Zeld the Digger (Gargoyle Earth Elementalist)       Turns: 3777, Time: 00:02:56

Health: -1/24      AC:  5    Str: 11    XL:     4   Next: 87%
Magic:  4/8        EV: 12    Int: 17    God:
Gold:   168        SH:  0    Dex: 10    Spells: 2/8 levels left

rFire    . . .     SeeInvis .   (no weapon)
rCold    . . .     Faith    .   (no shield)
rNeg     + . .     Spirit   .   c - +0 robe
rPois    ∞         Reflect  .   (no helmet)
rElec    +         Harm     .   (no cloak)
rCorr    .         Rampage  .   (no gloves)
Will     .....                  (no boots)
Stlth    ++........             (no amulet)
HPRegen  0.08/turn              (no ring)
MPRegen  0.11/turn              (no ring)

@: no status effects
A: negative energy resistance 1, electricity resistance, unbreathing,
petrification resistance, miasma immunity, AC +3
a: no special abilities


You were on level 3 of the Dungeon.
You visited 1 branch of the dungeon, and saw 3 of its levels.

You collected 168 gold pieces.

Inventory:

Missiles
 m - 18 stones (quivered)
Armour
 c - a +0 robe (worn)
Jewellery
 i - a +6 ring of strength {unknown}
 l - a cursed -4 ring of protection {unknown}
 o - a cursed amulet of regeneration {unknown}
Scrolls
 a - a scroll of magic mapping {unknown}
 b - a scroll of amnesia {unknown}
 f - 2 scrolls of immolation {unknown}
 h - a scroll of remove curse {unknown}
 k - 2 scrolls of identify {unknown}
Potions
 d - a potion of haste {unknown}
 e - 3 potions of flight {unknown}
 g - a potion of lignification {unknown}
 j - a potion of curing {unknown}
 n - 2 potions of invisibility {unknown}
 p - a potion of brilliance {unknown}


   Skills:
 + Level 2.3 Dodging
 - Level 2.1 Stealth
 + Level 2.7 Spellcasting
 - Level 0.7 Transmutations
 * Level 5.3 Earth Magic


You had 2 spell levels left.
You knew the following spells:

 Your Spells              Type           Power        Failure   Level
a - Sandblast             Erth           40%          1%          1
b - Passwall              Tmut/Erth      10%          8%          2
c - Stone Arrow           Conj/Erth      22%          19%         3

Your spell library contained the following spells:

 Spells                   Type           Power        Failure   Level
 Petrify                  Tmut/Erth      12%          45%         4
 Lee's Rapid Deconstruct  Erth           10%          50%         5


Dungeon Overview and Level Annotations

Branches:
Dungeon (3/15)

Altars:
Dithmenos


Innate Abilities, Weirdness & Mutations

You are resistant to torment.
Your stone body is resilient. (AC +3)
You are immune to poison.
You resist negative energy. (rN+)
You are resistant to electric shocks. (rElec)
You can survive without breathing.
You are immune to petrification.
You are immune to miasma.


Message History

Aim: a white imp (19% to evade)
The blast of sand hits the white imp.
The white imp is lightly wounded.
m - 19 stones The rat misses you.
The white imp gestures at you. The puff of frost hits you.
* * * LOW HITPOINT WARNING * * *
Casting: Sandblast (safe; 1% risk of failure)
Confirm with . or Enter, or press ? or * to list all spells.
Aiming: Sandblast (safe; 1% risk of failure)
Press: ? - help, Shift-Dir - straight line, f/p - white imp
Aim: a white imp (lightly wounded, 19% to evade)
The blast of sand hits the white imp.
The white imp is heavily wounded.
m - 18 stones The rat misses you.
The white imp hits you.
* * * LOW HITPOINT WARNING * * *
The white imp freezes you.
You die...

#...... .....
............. ....
........... ..#####
###......... .......
........... .#######.
#........ # .........
#.......# .#. #.######
#....r5.#####... #..#
#.##....)@......... ##.#
#.##.####.#........
##.#####.##.####.#........
.......).##...............
....####.#######..........
.................#######..
....####.#.........#
....#....+.........#
......##.#.........####


You could see a white imp and a rat.

Vanquished Creatures
  6 adders
  An ooze (D:3)
  4 worms
  2 leopard geckos (D:2)
  A giant cockroach (D:1)
  4 goblins
  2 hobgoblins (D:3)
  6 kobolds
  A quokka (D:2)
  A ball python (D:2)
  4 bats
  4 frilled lizards
  9 rats
45 creatures vanquished.

Notes
Turn   | Place    | Note
-------+----------+-------------------------------------------
     0 | D:1      | Zeld the Gargoyle Earth Elementalist began the quest for
                  | the Orb.
     0 | D:1      | Reached XP level 1. HP: 10/10 MP: 3/3
  1805 | D:2      | Reached skill level 4 in Earth Magic
  1805 | D:2      | Reached XP level 2. HP: 15/15 MP: 0/5
  1808 | D:2      | Learned a level 2 spell: Passwall
  1959 | D:2      | Found a shadowy altar of Dithmenos.
  2117 | D:2      | Reached XP level 3. HP: 19/19 MP: 4/6
  2142 | D:2      | Learned a level 3 spell: Stone Arrow
  2427 | D:2      | Reached XP level 4. HP: 17/24 MP: 0/7
  3067 | D:2      | Reached skill level 5 in Earth Magic
  3777 | D:3      | Slain by a white imp

Illustrated notes

Levels and vault maps discovered:
D:1:      onia_arrival_mini_maze_b, layout_basic, minmay_misc_feat_room
D:2:      layout_rooms, nicolae_dithmenos_shadow_blocks
D:3:      layout_basic

Skill      XL: |  1  2  3  4 |
---------------+-------------+-----
Earth Magic    | 4 5 |  5.3
Dodging        | 2 |  2.3
Stealth        | |  2.1
Spellcasting   | |  2.7
Transmutations | |  0.7

Action                   |  1- 3 |  4- 6 || total
-------------------------+-------+-------++-------
Melee: Unarmed           |     7 |    23 ||    30
 Cast: Sandblast         |    48 |    29 ||    77
       Stone Arrow       |       |     5 ||     5
       Passwall          |       |     1 ||     1
Armor: Robe              |     5 |     9 ||    14
Dodge: Dodged            |    17 |    40 ||    57
